 Dungeon Crawl Stone Soup version 0.28-a0-1629-gf728b707aa (webtiles) character file.

Game seed: 12379138161122935805

176 kae the Skirmisher (level 5, 0/42 HPs)
             Began as a Demonspawn Fighter on Jan 24, 2022.
             Slain by an ogre (6 damage)
             ... on level 4 of the Dungeon.
             The game lasted 00:03:58 (3864 turns).

kae the Skirmisher (Demonspawn Fighter)             Turns: 3864, Time: 00:03:59

Health: 0/42       AC:  6    Str: 19    XL:     5   Next: 30%
Magic:  5/5        EV: 13    Int: 13    God:
Gold:   100        SH:  0    Dex: 12    Spells: 3/4 levels left

rFire   . . .      SeeInvis .     - Unarmed
rCold   . . .      Faith    .   (no shield)
rNeg    . . .      Spirit   .   a - +0 scale mail
rPois   .          Reflect  .   (helmet restricted)
rElec   .          Harm     .   (no cloak)
rCorr   .          Rampage  .   (no gloves)
Will    +....                   (no boots)
Stlth   ..........              (no amulet)
HPRegen 0.14/turn               h - ring of willpower
MPRegen 0.09/turn               g - ring "Epunal" {EV+4 Int+4}

@: mighty
A: antennae 2, powered by death 1
a: no special abilities


You were on level 4 of the Dungeon.
You visited 1 branch of the dungeon, and saw 4 of its levels.

You collected 100 gold pieces.

Inventory:

Armour
 a - a +0 scale mail (worn)
 b - a +0 buckler
Jewellery
 d - a ring of flight
 f - a ring of ice
 g - the ring "Epunal" (right hand) {EV+4 Int+4}
   (You found it on level 3 of the Dungeon)

   [ring of evasion]

   EV:        It affects your evasion (+4).
   Int:       It affects your intelligence (+4).
 h - a ring of willpower (left hand)
Wands
 e - a wand of mindburst (8)


   Skills:
 + Level 3.9 Fighting
 - Level 2.8 Armour
 - Level 0.3 Dodging
 - Level 2.7 Shields
 * Level 3.8 Unarmed Combat
 + Level 1.5 Transmutations


You had 3 spell levels left.
You knew the following spells:

 Your Spells              Type           Power      Damage    Failure   Level
a - Beastly Appendage     Tmut           8%         N/A       45%         1

Your spell library contained the following spells:

 Spells                   Type           Power      Damage    Failure   Level
 Wereblood                Tmut           4%         N/A       58%         2
 Magic Dart               Conj           0%         1d3       67%         1
 Searing Ray              Conj           0%         2d4       80%         2
 Spider Form              Tmut/Pois      2%         N/A       90%         3
 Portal Projectile        Hex/Tloc       0%         N/A       95%         3
 Fulminant Prism          Conj/Hex       0%         3d6       100%        4
 Blade Hands              Tmut           2%         N/A       100%        5
 Excruciating Wounds      Necr           0%         N/A       100%        5
 Summon Forest            Summ/Tloc      0%         N/A       100%        5
 Eringya's Noxious Bog    Tmut/Pois      1%         N/A       100%        6
 Summon Hydra             Summ           0%         N/A       100%        7


Dungeon Overview and Level Annotations

Branches:
Dungeon (4/15)
 Temple: D:4-7

Altars:
Ashenzari
Ru


Innate Abilities, Weirdness & Mutations

You have a pair of antennae on your head.
You regenerate a little health from kills.


Message History

* * * LOW HITPOINT WARNING * * *
You punch the gnoll!
You kill the gnoll!
You barely miss the orc. The orc hits you with a +0 club.
* * * LOW HITPOINT WARNING * * *
You closely miss the orc. The orc barely misses you.
You punch the orc!
You kill the orc!
Things that are here:
a +0 hand axe; a +0 ring mail You now have 100 gold pieces (gained 8).
There are no items here.
An ogre comes into view. It is wielding a +0 giant club.
Found a lumpy lapis lazuli amulet.
The ogre shouts!
Found a pair of boots.
You aren't carrying any scrolls.
You aren't carrying any potions.
Unknown command.
Okay, then.
Aiming: Mindburst
Press: ? - help, Shift-Dir - straight line, f - ogre
Aim: an ogre, wielding a +0 giant club (chance to affect: 64%)
The ogre's mind is blasted!
Aiming: Mindburst
Press: ? - help, Shift-Dir - straight line, f/p - ogre
Aim: an ogre, wielding a +0 giant club (moderately wounded, chance to affect: 64%)
The ogre struggles to resist.
Aiming: Mindburst
Press: ? - help, Shift-Dir - straight line, f/p - ogre
Aim: an ogre, wielding a +0 giant club (moderately wounded, chance to affect: 64%)
The ogre's mind is blasted!
Aiming: Mindburst
Press: ? - help, Shift-Dir - straight line, f/p - ogre
Aim: an ogre, wielding a +0 giant club (almost dead, chance to affect: 64%)
The ogre struggles to resist.
You barely miss the ogre.
The ogre is almost dead.
The ogre hits you with a +0 giant club.
You die...

... #.#.# .....
#.#.# ##.#.##.#.#
.[........# #..[...#
#.#.# #########
#.#.########.....).)
#..O.........#######
###@################
#.##########....{#
#.....o......###.#
############## #{#
#{# #<. #>. ##. .


You could see an ogre.

Vanquished Creatures
  An orc wizard (D:3)
  An iguana (D:4)
  A hound skeleton (D:3)
  2 gnolls (D:4)
  2 adders
  An ufetubus (D:4)
  3 worms
  6 orcs
  6 endoplasms
  A giant cockroach (D:3)
  8 goblins
  5 hobgoblins
  3 kobolds (D:1)
  A quokka (D:1)
  7 ball pythons
  2 bats (D:3)
  2 frilled lizards (D:1)
  5 rats
57 creatures vanquished.

Notes
Turn   | Place    | Note
-------+----------+-------------------------------------------
     0 | D:1      | kae the Demonspawn Fighter began the quest for the Orb.
     0 | D:1      | Reached XP level 1. HP: 18/18 MP: 1/1
   436 | D:1      | Discovered your monstrous ancestry.
   436 | D:1      | Gained mutation: You have a pair of small antennae on your
                  | head. [demonic ancestry]
   436 | D:1      | Reached XP level 2. HP: 24/24 MP: 2/2
   539 | D:1      | You fall into a shaft and drop 1 floor!
  1739 | D:2      | Gained mutation: You regenerate a little health from kills.
                  | [demonic ancestry]
  1739 | D:2      | Reached XP level 3. HP: 18/29 MP: 3/3
  2050 | D:2      | Learned a level 1 spell: Beastly Appendage
  2597 | D:3      | Gained mutation: You have a pair of antennae on your head.
                  | [demonic ancestry]
  2597 | D:3      | Reached XP level 4. HP: 8/35 MP: 4/4
  2961 | D:3      | Found a faded altar of an unknown god.
  2966 | D:3      | Found a broken altar of Ashenzari.
  3060 | D:3      | Reached skill level 1 in Transmutations
  3264 | D:3      | Identified the ring "Epunal" {EV+4 Int+4}
  3329 | D:3      | Found a sacrificial altar of Ru.
  3468 | D:3      | Found a faded altar of an unknown god.
  3712 | D:4      | Reached XP level 5. HP: 4/42 MP: 5/5
  3834 | D:4      | HP: 2/42 [orc (3)]
  3855 | D:4      | Noticed an ogre
  3864 | D:4      | Slain by an ogre

Illustrated notes

Levels and vault maps discovered:
D:1:      scummos_arrival_hexagon, layout_basic, chequers_avenue, minmay_unequal
D:2:      layout_basic, grunt_ministairs_1, chequers_mini_garden, hex_tiny
D:3:      layout_basic, nicolae_overflow_ecumenical_swirl,
          mainiacjoe_overflow_surrounded_room,
          dilly_ecumenical_altar_fadedgnrine, minmay_statues_item,
          nicolae_elevator_lobby_plus
D:4:      layout_loops_ring, enter_ossuary_2, minivault_1,
          hangedman_decor_opposing, minmay_misc_feat_columns, uniq_edmund

Skill      XL: |  1  2  3  4 |
---------------+-------------+-----
Unarmed Combat | 2 3 |  3.8
Transmutations | 1 |  1.5
Fighting       | |  3.9
Armour         | |  2.8
Dodging        | |  0.3
Shields        | |  2.7

Action                   |  1- 3 |  4- 6 || total
-------------------------+-------+-------++-------
Melee: Unarmed           |   184 |    86 ||   270
       Punch             |     3 |     3 ||     6
Evoke: Wand              |       |     4 ||     4
  Use: Scroll            |     3 |       ||     3
       Potion            |     2 |     2 ||     4
Armor: Scale mail        |    64 |    34 ||    98
Dodge: Dodged            |    59 |    57 ||   116
Block: Buckler           |     4 |       ||     4

Table legend: (Time is in decaauts)
 A = Elapsed time spent in this place.
 B = Non-inter-level travel time spent in this place.
 C = Inter-level travel time spent in this place.
 D = Time resting spent in this place.
 E = Time spent auto-exploring this place.
 F = Levels seen in this place.
 G = Mean time per level.
                   A        B        C        D        E       F      G
               +--------+--------+--------+--------+--------+-----+--------+
         Total |   3851 |   3691 |    160 |    443 |   2605 |   4 |  962.8 |
       Dungeon |   3851 |   3691 |    160 |    443 |   2605 |   4 |  962.8 |
               +--------+--------+--------+--------+--------+-----+--------+

Top non-repeatable levels by time:
     D:1: 1349 daAuts
     D:3: 1282 daAuts
     D:2: 894 daAuts
     D:4: 325 daAuts
